 Dungeon Crawl Stone Soup version 0.31-a0-236-g9a0961fb85 (webtiles) character file.

Game seed: 2510639015760792209

7332 qw the Skirmisher (level 10, -1/91 HPs)
             Began as a Minotaur Hexslinger on July 10, 2023.
             Was an Elder of Okawaru.
             Slain by a gnoll
             ... wielding a +0 spear
             ... led by a gnoll sergeant
              (5 damage)
             ... on level 10 of the Dungeon.
             The game lasted 00:03:01 (7344 turns).

qw the Skirmisher (Minotaur Hexslinger)             Turns: 7344, Time: 00:03:02

Health: -1/91      AC: 13    Str: 13    XL:     10   Next: 90%
Magic:  11/12      EV: 18    Int: 10    God:    Okawaru [****..]
Gold:   398        SH:  0    Dex: 17    Spells: 10/11 levels left

rFire   + + .        m - +9 sling "Tevi" {freeze, rN+}
rCold   + . .        (no shield)
rNeg    + . .        o - +2 robe {rC+ rF+}
rPois   +            (helmet restricted)
rElec   .            d - +2 cloak
rCorr   .            q - +0 pair of gloves
SInv    .            k - +2 pair of boots
Will    .....        u - amulet of faith
Stlth   +++          j - ring of poison resistance
HPRegen 0.35/turn    g - ring of protection from fire
MPRegen 0.13/turn

%: faith
@: about to teleport, heroic
A: horns 2, retaliatory headbutt
a: Renounce Religion, Heroism, Finesse


You were on level 10 of the Dungeon.
You worshipped Okawaru.
Okawaru was greatly pleased with you.
You visited 2 branches of the dungeon, and saw 11 of its levels.

You collected 547 gold pieces.
You spent 149 gold pieces at shops.


Innate Abilities, Weirdness & Mutations

You have a pair of horns on your head.
You reflexively headbutt those who attack you in melee.


   Skills:
 - Level 9.5(14.5) Fighting
 + Level 13.3(18.3) Ranged Weapons
 - Level 4.8(9.8) Armour
 - Level 6.1(11.1) Dodging
 - Level 1.0 Spellcasting
 - Level 2.0 Hexes
 + Level 5.1 Invocations


You had 10 spell levels left.
You knew the following spells:

 Your Spells              Type           Power      Damage    Failure   Level
a - Slow                  Hex            16%        N/A       16%         1

Your spell library contained the following spells:

 Spells                   Type           Power      Damage    Failure   Level
 Inner Flame              Hex/Fire       2%         N/A       56%         3
 Portal Projectile        Hex/Tloc       4%         N/A       56%         3
 Cause Fear               Hex            2%         N/A       83%         4

Inventory:

Hand Weapons
 m - the +9 sling "Tevi" (weapon) {freeze, rN+}
   (You bought it in a shop on level 3 of the Dungeon)

   rN:        It protects you from negative energy.
Armour
 d - a +2 cloak (worn)
 k - a +2 pair of boots (worn)
 o - a +2 robe of resistance (worn)
 q - a +0 pair of gloves (worn)
Jewellery
 g - a ring of protection from fire (right hand)
 j - a ring of poison resistance (left hand)
 p - a +6 ring of strength
 u - an amulet of faith (around neck)
Wands
 r - a wand of digging (5)
Scrolls
 a - 3 scrolls of teleportation
 c - a scroll of identify
 h - 3 scrolls of enchant weapon
Potions
 b - 2 potions of curing
 e - a potion of resistance
 f - 2 potions of might
 i - a potion of brilliance {unknown}
 l - 4 potions of enlightenment
 n - a potion of invisibility {unknown}
 s - a potion of heal wounds {unknown}
 t - a potion of cancellation {unknown}

Dungeon Overview and Level Annotations

Branches:
Dungeon (10/15)            Temple (1/1) D:4
   Lair: D:8-11         Orc: D:9-12

Altars:
Ashenzari
Cheibriados
Dithmenos
Elyvilon
Fedhas
Gozag
Hepliaklqana
Kikubaaqudgha
Makhleb
Nemelex Xobeh
Okawaru
Qazlal
Ru
Sif Muna
Trog
Uskayaw
Vehumet
Wu Jian
Xom
Yredelemnul
Zin
The Shining One

Shops:
D:3 (

Annotations:
D:3 2 runed translucent doors, qw's ghost, amateur GrHs
D:7 1 runed translucent door, Crazy Yiuf


Message History

The yak gores you. The gnoll barely misses you. The yak misses you.
You furiously retaliate!
You headbutt the yak. You shoot a sling bullet. The sling bullet hits the yak.
The sling bullet freezes the yak.
The yak is heavily wounded.
The yak gores you but does no damage. The yak barely misses you.
The gnoll hits you from afar with a +0 spear.
You shoot a sling bullet.
The sling bullet completely misses the yak.
You shoot a sling bullet. The sling bullet hits the yak.
The sling bullet freezes the yak.
The yak is severely wounded.
The yak gores you. The gnoll closely misses you. The yak completely misses you.
You shoot a sling bullet. The sling bullet hits the yak!
The sling bullet freezes the yak.
You kill the yak!
Okawaru accepts your kill. The yak completely misses you.
You furiously retaliate!
You headbutt the yak! The gnoll completely misses you.
You shoot a sling bullet. The sling bullet hits the yak.
The sling bullet freezes the yak.
The yak is moderately wounded.
You shoot a sling bullet. The sling bullet hits the yak!
The sling bullet freezes the yak.
The yak is almost dead.
Your surroundings seem slightly different.
Enter note:
Enter note:
Enter note:
Enter note:
Enter note:
Enter note:
Enter note:
Enter note:
Enter note:
7344 ||| READING 4 scrolls of teleportation.
As you read the scroll of teleportation, it crumbles to dust.
You feel strangely unstable.
The gnoll hits you from afar with a +0 spear.
You die...

.#~##
#....#t#.....#
.#~~#
#....###.....#
.#~~# #....#
#.....# .#~~#
####'# #######
.#~## #.# .# #
##.####### .#
#.ยค%.....####
##
#.%g........#
#.).Y@...#
#..g........#
#...)..######
#......# #
#......#
...)....#
.........#
..........


You could see a yak and 2 gnolls.

Vanquished Creatures
  3 two-headed ogres
  Pikel (D:6)
  Joseph (D:7)
  A hornet (D:8)
  Grinder (D:4)
  Sigmund (D:3)
  11 yaks (D:10)
  An acid dragon (D:10)
  Edmund (D:5)
  Duvessa (D:7)
  3 water moccasins
  2 orc warriors
  An ogre (D:5)
  4 lemures (D:6)
  A phantom (D:6)
  2 kobold brigands
  3 scorpions
  A bullfrog (D:6)
  A gnoll sergeant (D:10)
  3 wights (D:10)
  Dowan (D:7)
  2 electric eels (D:6)
  3 hounds
  6 jellies
  A gnoll bouda (D:6)
  3 orc priests
  4 iguanas
  Jessica (D:2)
  Ijyb (D:5)
  5 orc wizards
  9 gnolls
  9 adders
  3 shadow imps
  3 white imps (D:6)
  An ufetubus (D:5)
  2 worms
  10 dart slugs
  32 orcs
  5 bats
  10 endoplasms
  6 giant cockroaches
  3 goblins
  2 hobgoblins
  3 jackals (D:1)
  22 kobolds
  4 quokkas
  6 ball pythons
  10 frilled lizards
  4 rats
214 creatures vanquished.

Notes
Turn   | Place    | Note
-------+----------+-------------------------------------------
     0 | D:1      | qw the Minotaur Hexslinger began the quest for the Orb.
     0 | D:1      | Reached XP level 1. HP: 16/16 MP: 1/1
     0 | D:1      | 0 ||| qw: Version: 0.3-a-52-g30416fa
     0 | D:1      | 0 ||| qw: Game counter: 4695
     0 | D:1      | 0 ||| qw: Melee chars always use a shield: true
     0 | D:1      | 0 ||| qw: God list: Okawaru
     0 | D:1      | 0 ||| qw: Allow faded altars: false
     0 | D:1      | 0 ||| qw: Do Orc after clearing Dungeon:15 true
     0 | D:1      | 0 ||| qw: Do second Lair branch before Depths: true
     0 | D:1      | 0 ||| qw: Lair rune preference: random
     0 | D:1      | 0 ||| qw: Goals: Normal
     0 | D:1      | 0 ||| PLANNING D:1-11
   161 | D:1      | Found a faded altar of an unknown god.
   167 | D:1      | Reached skill level 3 in Ranged Weapons
   170 | D:1      | Reached XP level 2. HP: 18/23 MP: 2/2
   829 | D:1      | 829 ||| UPGRADING to +0 cloak.
   834 | D:1      | 834 ||| UPGRADING to +0 leather armour.
   844 | D:1      | 844 ||| DROPPING +0 robe.
   845 | D:1      | 845 ||| UPGRADING to +0 ring mail.
   855 | D:1      | 855 ||| DROPPING +0 leather armour.
   856 | D:1      | 856 ||| UPGRADING to ring of protection from fire.
   857 | D:1      | 857 ||| READING scroll labelled VUMUON JOEDU.
   858 | D:1      | 858 ||| READING scroll labelled FAANUO OJUTTEA.
   859 | D:1      | 859 ||| READING scroll labelled OWKEXA MAYDI.
   864 | D:1      | 864 ||| DROPPING scroll of poison.
   902 | D:2      | Reached XP level 3. HP: 29/29 MP: 3/3
   970 | D:2      | Reached skill level 4 in Ranged Weapons
  1092 | D:2      | Noticed Jessica
  1100 | D:2      | Killed Jessica
  1101 | D:2      | Reached XP level 4. HP: 31/36 MP: 4/4
  1583 | D:2      | 1583 ||| READING scroll labelled FUUZEM GOIJ.
  1584 | D:2      | 1584 ||| READING 3 scrolls labelled ACECEXASMI.
  1585 | D:2      | 1585 ||| DRINKING 3 silvery potions.
  1586 | D:2      | 1586 ||| DRINKING 3 bubbling brown potions.
  1587 | D:2      | 1587 ||| READING 2 scrolls of identify.
  1587 | D:2      | 1587 ||| IDENTIFYING white potion
  1588 | D:2      | 1588 ||| DROPPING potion of degeneration.
  1589 | D:2      | 1589 ||| DROPPING 2 scrolls of fear.
  1590 | D:2      | 1590 ||| DROPPING 2 potions of attraction.
  1746 | D:3      | Found a large runed translucent door.
  1746 | D:3      | Found a large runed translucent door.
  1753 | D:3      | Noticed qw's ghost (amateur GrHs)
  2157 | D:3      | Found Vijer's Antique Weapon Boutique.
  2166 | D:3      | 2166 ||| BUYING dazzling sling (149 gold).
  2166 | D:3      | Bought a dazzling sling for 149 gold pieces
  2166 | D:3      | Identified the +9 sling "Tevi" {freeze, rN+} (You bought it
                  | in a shop on level 3 of the Dungeon)
  2166 | D:3      | 2166 ||| SWAPPING to +9 sling "Tevi" {freeze, rN+}.
  2167 | D:3      | 2167 ||| DROPPING +1 sling.
  2272 | D:3      | Reached skill level 5 in Ranged Weapons
  2286 | D:3      | Noticed Sigmund
  2290 | D:3      | Killed Sigmund
  2291 | D:3      | Reached XP level 5. HP: 47/47 MP: 5/5
  2291 | D:3      | Reached XP level 6. HP: 55/55 MP: 6/6
  2487 | D:3      | 2487 ||| UPGRADING to +0 pair of boots.
  2492 | D:3      | 2492 ||| READING 2 scrolls labelled SOAXUJ VUGH.
  2493 | D:3      | 2493 ||| READING scroll labelled LELEZIWNUS.
  2494 | D:3      | 2494 ||| READING scroll labelled VAUVEA GECE.
  2595 | D:3      | 2595 ||| READING 2 scrolls of identify.
  2595 | D:3      | 2595 ||| IDENTIFYING fizzy coppery potion
  2596 | D:3      | 2596 ||| DROPPING potion of magic.
  2797 | D:4      | 2797 ||| READING 3 scrolls of enchant armour.
  2797 | D:4      | 2797 ||| ENCHANTING +0 pair of boots.
  2798 | D:4      | 2798 ||| READING 2 scrolls of enchant armour.
  2798 | D:4      | 2798 ||| ENCHANTING +1 pair of boots.
  2799 | D:4      | 2799 ||| READING scroll of enchant armour.
  2799 | D:4      | 2799 ||| ENCHANTING +0 cloak.
  2864 | D:4      | Noticed Grinder
  2887 | D:4      | Killed Grinder
  2888 | D:4      | Reached skill level 6 in Ranged Weapons
  2888 | D:4      | Reached XP level 7. HP: 60/60 MP: 7/7
  2930 | D:4      | Reached skill level 7 in Ranged Weapons
  3122 | D:4      | Found a staircase to the Ecumenical Temple.
  3123 | D:4      | 3123 ||| PLANNING TEMPLE
  3123 | D:4      | 3123 ||| UPGRADING to +6 ring of strength.
  3124 | D:4      | 3124 ||| READING 3 scrolls of identify.
  3124 | D:4      | 3124 ||| IDENTIFYING metallic black potion
  3125 | D:4      | 3125 ||| READING 2 scrolls of identify.
  3125 | D:4      | 3125 ||| IDENTIFYING fizzy emerald potion
  3134 | Temple   | Entered the Ecumenical Temple
  3164 | Temple   | 3164 ||| PLANNING OKAWARU WORSHIP
  3487 | Temple   | Became a worshipper of Warmaster Okawaru
  3488 | Temple   | 3488 ||| PLANNING D:1-11
  3707 | D:4      | 3707 ||| READING scroll labelled IGAUTW EDWU.
  3809 | D:5      | Entered Level 5 of the Dungeon
  3830 | D:5      | Noticed Ijyb
  3838 | D:5      | Killed Ijyb
  4012 | D:5      | Reached skill level 8 in Ranged Weapons
  4039 | D:5      | Found a sparkling altar of Nemelex Xobeh.
  4132 | D:5      | Noticed Edmund
  4141 | D:5      | Killed Edmund
  4144 | D:5      | Reached skill level 9 in Ranged Weapons
  4144 | D:5      | Reached XP level 8. HP: 55/68 MP: 8/8
  4202 | D:5      | 4202 ||| Stepping ~*~*~tactically~*~*~ (outnumbered).
  4212 | D:5      | Reached skill level 3 in Dodging
  4213 | D:5      | 4213 ||| DRINKING 4 potions of curing.
  4213 | D:5      | 4213 ||| (to cure confusion)
  4217 | D:5      | Reached * piety under Okawaru
  4249 | D:5      | 4249 ||| READING scroll of enchant armour.
  4249 | D:5      | 4249 ||| ENCHANTING +1 cloak.
  4304 | D:5      | 4304 ||| DRINKING 3 potions of curing.
  4304 | D:5      | 4304 ||| (to cure confusion)
  4313 | D:5      | Reached skill level 1 in Invocations
  4468 | D:5      | 4468 ||| UPGRADING to +2 robe of resistance.
  4478 | D:5      | 4478 ||| DROPPING +0 ring mail.
  4479 | D:5      | 4479 ||| UPGRADING to ring of poison resistance.
  4481 | D:5      | 4481 ||| UPGRADING to ring of protection from fire.
  4483 | D:5      | 4483 ||| READING scroll labelled YHUEFIPROINI.
  4545 | D:6      | Noticed Pikel
  4546 | D:6      | 4546 ||| INVOKING Heroism.
  4565 | D:6      | 4565 ||| INVOKING Heroism.
  4578 | D:6      | Killed Pikel
  4759 | D:6      | 4759 ||| Stepping ~*~*~tactically~*~*~ (outnumbered).
  4764 | D:6      | 4764 ||| INVOKING Heroism.
  4840 | D:6      | 4840 ||| Stepping ~*~*~tactically~*~*~ (water).
  4854 | D:6      | 4854 ||| Stepping ~*~*~tactically~*~*~ (water).
  4857 | D:6      | 4857 ||| Stepping ~*~*~tactically~*~*~ (water).
  4859 | D:6      | 4859 ||| Stepping ~*~*~tactically~*~*~ (water).
  4861 | D:6      | 4861 ||| Stepping ~*~*~tactically~*~*~ (water).
  4930 | D:6      | 4930 ||| INVOKING Heroism.
  4941 | D:6      | Reached XP level 9. HP: 79/81 MP: 6/10
  5102 | D:6      | 5102 ||| INVOKING Heroism.
  5126 | D:6      | Reached skill level 3 in Invocations
  5203 | D:6      | 5203 ||| FLEEEEING.
  5204 | D:6      | 5204 ||| FLEEEEING.
  5205 | D:6      | 5205 ||| FLEEEEING.
  5206 | D:6      | 5206 ||| FLEEEEING.
  5207 | D:6      | 5207 ||| FLEEEEING.
  5208 | D:6      | 5208 ||| FLEEEEING.
  5213 | D:6      | 5213 ||| Stepping ~*~*~tactically~*~*~ (water).
  5214 | D:6      | 5214 ||| INVOKING Heroism.
  5355 | D:6      | Found a bloodstained altar of Trog.
  5426 | D:6      | 5426 ||| Stepping ~*~*~tactically~*~*~ (outnumbered).
  5622 | D:6      | 5622 ||| DRINKING 3 inky potions.
  5681 | D:7      | 5681 ||| INVOKING Heroism.
  5718 | D:7      | 5718 ||| Stepping ~*~*~tactically~*~*~ (outnumbered).
  5719 | D:7      | 5719 ||| Stepping ~*~*~tactically~*~*~ (outnumbered).
  5755 | D:7      | Found a runed translucent door.
  5756 | D:7      | Noticed Crazy Yiuf
  5810 | D:7      | Noticed Joseph
  5811 | D:7      | Noticed Dowan
  5812 | D:7      | 5812 ||| Stepping ~*~*~tactically~*~*~ (outnumbered).
  5813 | D:7      | Noticed Duvessa
  5814 | D:7      | 5814 ||| Stepping ~*~*~tactically~*~*~ (outnumbered).
  5818 | D:7      | 5818 ||| INVOKING Heroism.
  5822 | D:7      | Killed Duvessa
  5823 | D:7      | Reached skill level 10 in Ranged Weapons
  5831 | D:7      | Killed Joseph
  5832 | D:7      | Reached skill level 11 in Ranged Weapons
  5844 | D:7      | Killed Dowan
  5886 | D:7      | 5886 ||| INVOKING Heroism.
  6220 | D:7      | 6220 ||| Stepping ~*~*~tactically~*~*~ (outnumbered).
  6222 | D:7      | 6222 ||| Stepping ~*~*~tactically~*~*~ (outnumbered).
  6226 | D:7      | 6226 ||| INVOKING Heroism.
  6371 | D:7      | 6371 ||| UPGRADING to +0 pair of gloves.
  6405 | D:8      | Reached ** piety under Okawaru
  6472 | D:8      | You fall into a shaft and drop 2 floors!
  6472 | D:10     | Entered Level 10 of the Dungeon
  6554 | D:10     | Reached skill level 12 in Ranged Weapons
  6554 | D:10     | Reached XP level 10. HP: 88/88 MP: 12/12
  6569 | D:10     | Reached skill level 6 in Dodging
  6576 | D:10     | Reached *** piety under Okawaru
  6651 | D:10     | Noticed a two-headed ogre
  6652 | D:10     | 6652 ||| INVOKING Heroism.
  6657 | D:10     | Killed a two-headed ogre
  6658 | D:10     | Reached skill level 13 in Ranged Weapons
  6752 | D:10     | 6752 ||| UPGRADING to amulet of faith.
  6762 | D:9      | 6762 ||| INVOKING Heroism.
  6789 | D:9      | Noticed a two-headed ogre
  6789 | D:9      | Noticed a two-headed ogre
  6790 | D:9      | 6790 ||| INVOKING Heroism.
  6799 | D:9      | Killed a two-headed ogre
  6800 | D:9      | Reached skill level 9 in Fighting
  6802 | D:9      | Killed a two-headed ogre
  6802 | D:9      | Reached **** piety under Okawaru
  7097 | D:10     | Found a flagged portal.
  7098 | D:10     | 7098 ||| Stepping ~*~*~tactically~*~*~ (water).
  7204 | D:10     | Noticed a sea snake
  7329 | D:10     | 7329 ||| INVOKING Heroism.
  7336 | D:10     | HP: 21/91 [gnoll/+0 spear[a gnoll sergeant] (2)]
  7336 | D:10     | HP: 8/91 [yak (13)]
  7337 | D:10     | 7337 ||| READING 5 scrolls of teleportation.
  7340 | D:10     | HP: 3/91 [yak (2)]
  7344 | D:10     | 7344 ||| READING 4 scrolls of teleportation.
  7344 | D:10     | Slain by a gnoll

Levels and vault maps discovered:
D:1:      ncdulo_watergridlock, layout_loops_corners,
          shapermc_ecumenical_altar_starsandcircs
D:2:      layout_basic, st_stairs_5, uniq_jessica
D:3:      layout_loops_corners, serial_shops, shop, ebering_ghost_disaster_area,
          st_stairs_12, uniq_sigmund
D:4:      layout_basic, temple_hall, minmay_misc_feat_nine_boxes, uniq_grinder
D:5:      layout_loops_cross, nemelex_spade_bored_becter, uniq_edmund, uniq_ijyb
D:6:      kennysheep_slugbush, layout_loops_ring, lemuel_doored_altar,
          glass_columns_a, nrook_uturn, uniq_pikel
D:7:      layout_rooms, serial_curves, eino_curves_01, eino_curves_03,
          nicolae_concentric_dashed_squares_mild, minmay_misc_feat_roman,
          uniq_duvessa, uniq_joseph, uniq_crazy_yiuf_cottage
D:8:      layout_rooms
D:9:      minmay_s_stair_smasher, layout_rooms, minmay_misc_feat_ornament,
          hangedman_abyss_or_decor_passed, minmay_liquid_box
D:10:     layout_basic, enter_bailey_4, serial_aquarium,
          aquarium_bridge_straight [aquarium_subvault_bridge,
          aquarium_subvault_wall, aquarium_subvault_bridge,
          aquarium_subvault_wall], aquarium_bridge_square
          [aquarium_subvault_wall, aquarium_subvault_bridge,
          aquarium_subvault_bridge, aquarium_subvault_wall], aquarium_window_1,
          aquarium_window_fake, aquarium_window_2, aquarium_view_2a,
          aquarium_view_2c
Temple:   mainiacjoe_temple_cubbyholes

Skill      XL: |  1  2  3  4  5  6  7  8  9 10 |
---------------+-------------------------------+-----
Ranged Weapons | 3 4 5 6 9 12 13 | 13.3
Fighting       | 2 4 5 8 9 |  9.5
Armour         | 2 4 |  4.8
Dodging        | 3 5 6 |  6.1
Invocations    | 2 4 5 |  5.1
Spellcasting   | |  1.0
Hexes          | |  2.0

Action                     |  1- 3 |  4- 6 |  7- 9 | 10-12 || total
---------------------------+-------+-------+-------+-------++-------
   Fire: Sling             |   121 |   123 |   309 |   100 ||   653
 Invoke: Heroism           |       |       |    10 |     4 ||    14
    Use: Scroll            |     3 |    10 |     5 |     2 ||    20
         Potion            |       |     2 |     3 |       ||     5
 Armour: Robe              |    12 |       |    15 |    19 ||    46
         Ring mail         |    10 |    34 |    17 |       ||    61
  Dodge: Dodged            |    43 |    23 |    57 |    58 ||   181

Table legend:
 A = Non-vault XP
 B = Vault XP
 C = Vault XP percentage of total XP
 D = Non-vault monster count
 E = Vault monster count
 F = Vault count percentage of total count
                 A         B        C        D         E       F
            +---------+---------+-------+---------+---------+-------
      Total |    8415 |    2060 |  19.7 |     185 |      25 |  11.9
            +---------+---------+-------+---------+---------+-------
        D:1 |      34 |       0 |   0.0 |      21 |       0 |   0.0
        D:2 |      53 |      41 |  43.6 |      18 |       3 |  14.3
        D:3 |      68 |     216 |  76.1 |      19 |       2 |   9.5
        D:4 |     197 |     272 |  58.0 |      20 |       1 |   4.8
        D:5 |     697 |     200 |  22.3 |      23 |       2 |   8.0
        D:6 |     929 |     649 |  41.1 |      31 |       9 |  22.5
        D:7 |     829 |     667 |  44.6 |      27 |       3 |  10.0
        D:8 |     302 |       0 |   0.0 |       1 |       0 |   0.0
        D:9 |    1771 |       0 |   0.0 |       6 |       0 |   0.0
       D:10 |    3535 |      15 |   0.4 |      19 |       5 |  20.8
            +---------+---------+-------+---------+---------+-------
